 Dungeon Crawl Stone Soup version 0.24.0-7-gb3623d2c88 (webtiles) character file.

Game seed: 4209760680857838330, levelgen mode: classic

156 EnegeticOcto the Vandal (level 5, -9/36 HPs)
             Began as an Octopode Hunter on Nov 2, 2019.
             Was a Believer of Uskayaw.
             Killed by divine providence
             ... invoked by an orc priest
              (12 damage)
             ... on level 3 of the Dungeon.
             The game lasted 00:04:06 (2580 turns).

EnegeticOcto the Vandal (Octopode Hunter)           Turns: 2580, Time: 00:04:07

Health: -9/36      AC:  1    Str: 11    XL:     5   Next: 37%
Magic:  5/5        EV: 14    Int: 14    God:    Uskayaw [**....]
Gold:   55         SH:  0    Dex: 13    Spells: 4/4 levels left

rFire    . . .     SeeInvis .   b - +2 dagger (venom)
rCold    . . .     Gourm    .   (no shield)
rNeg     . . .     Faith    .   (helmet restricted)
rPois    .         Spirit   .   d - amulet of inaccuracy (curse)
rElec    .         Reflect  .   (no ring)
rCorr    .         Harm     .   (no ring)
MR       .....                  (no ring)
Stlth    +++.......             (no ring)
HPRegen  0.12/turn              (no ring)
MPRegen  0.09/turn              (no ring)
                                (no ring)
                                (no ring)

@: no status effects
A: almost no armour, stealthy swim, amphibious, 8 rings, constrict 8, antennae
1, tentacle spike 1, camouflage 1, gelatinous body 1
a: Stomp, Line Pass, Renounce Religion


You were on level 3 of the Dungeon.
You worshipped Uskayaw.
Uskayaw was noncommittal.
You were not hungry.

You visited 1 branch of the dungeon, and saw 3 of its levels.

You collected 55 gold pieces.

Inventory:

Hand Weapons
 a - a +1 hunting sling
 b - a +2 dagger of venom (weapon)
Missiles
 c - 98 sling bullets
 f - 143 stones (quivered)
Jewellery
 d - a cursed amulet of inaccuracy (around mantle)
Scrolls
 i - a scroll of enchant armour {unknown}
 k - a scroll of random uselessness {unknown}
Potions
 g - a potion of curing {unknown}
 l - a potion of resistance {unknown}
Comestibles
 e - 4 rations
 m - 7 chunks of flesh


   Skills:
 + Level 3.1 Fighting
 + Level 4.7 Slings
 + Level 3.1 Dodging
 + Level 3.8 Stealth


You had 4 spell levels left.
You didn't know any spells.
Your spell library was empty.

Dungeon Overview and Level Annotations

Branches:
Dungeon (3/15)

Altars:
Uskayaw


Innate Abilities, Weirdness & Mutations

You cannot wear most types of armour.
You are very stealthy in the water. (Stealth+)
You are amphibious.
You can wear up to eight rings at the same time.
You can use your tentacles to constrict eight enemies at once.
Your skin changes colour to match your surroundings (Stealth+).
Your rubbery body absorbs attacks. (AC +1, EV +1)
You have a pair of small antennae on your head.
One of your tentacles bears a spike.


Message History

Uskayaw welcomes you!
e - 4 rations (gained 1)
A frilled lizard comes into view.
Found a dagger.
The helpless frilled lizard fails to defend itself.
You puncture the frilled lizard!
You kill the frilled lizard!
No target in view!
No target in view!
No target in view!
No target in view!
You butcher the frilled lizard corpse.
m - 7 chunks of flesh (gained 1)
You see here a frilled lizard skeleton. x2
A rat comes into view.
A rat is nearby!
A rat is nearby!
A rat is nearby!
Found 7 gold pieces.
An orc comes into view. It is wielding a +0 dagger.
The rat bites you.
You closely miss the rat. Your grab misses the rat.
The orc shouts!
You hear a shout! x2
The rat barely misses you.
You barely miss the rat. Your grab misses the rat. The rat barely misses you.
You hit the rat.
You kill the rat!
An orc comes into view. It is wielding a +0 antimagic trident.
You see here a rat corpse.
There are monsters nearby!
There are monsters nearby!
An orc priest comes into view. It is wielding a +0 dagger.
The orc priest shouts!
The orc barely misses you.
You completely miss the orc.
The orc shouts!
You grab the orc. You constrict the orc.
The orc priest mumbles some strange prayers to Beogh against you.
Beogh smites you! The orc closely misses you.
You barely miss the orc.
The orc is moderately wounded.
You constrict the orc.
The orc priest miscasts a cantrip.
The orc barely misses you.
You barely miss the orc.
The orc is severely wounded.
You constrict the orc.
You kill the orc!
An orc comes into view. It is wielding a +0 falchion.
The orc misses you.
Things that are here:
a +0 dagger; an orc corpse A hobgoblin comes into view.
The orc closely misses you.
You miss the orc. You grab the orc. You squeeze the orc, but do no damage.
You constrict the orc, but do no damage.
The orc barely misses you.
You hit the orc priest.
The orc priest is poisoned.
Your grab misses the orc priest.
The orc priest is moderately wounded.
You constrict the orc.
The orc priest mumbles some strange prayers to Beogh against you.
Beogh smites you!
* * * LOW HITPOINT WARNING * * *
The orc closely misses you.
You can now stomp with the beat.
You miss the orc priest. You grab the orc priest.
The orc priest is moderately wounded.
You constrict the orc. You constrict the orc priest.
The orc priest calls upon Beogh to heal the orc.
The orc's wounds heal themselves!
The orc hits you with a +0 falchion!
* * * LOW HITPOINT WARNING * * *
The orc closely misses you.
Really quaff
j - a potion of heal wounds {@q2 !q}?
You feel much better.
You constrict the orc. You constrict the orc priest.
The orc priest mumbles some strange prayers to Beogh against you.
Pain shoots through your body! The orc hits you with a +0 falchion.
* * * LOW HITPOINT WARNING * * *
Press: ? - help, v - describe, . - travel
Here: an orc, wielding a +0 antimagic trident and wearing a +0 ring mail (moderately wounded, constricted by you)
The floor.
Unknown command.
You hit the orc priest but do no damage.
The orc priest looks as sick as possible!
Your squeeze misses the orc priest.
The orc priest is moderately wounded.
You constrict the orc. You constrict the orc priest.
The orc closely misses you.
The orc priest hits you with a +0 dagger!
* * * LOW HITPOINT WARNING * * *
You can now pass through a line of other dancers.
It was a potion of mutation.
You feel extremely strange.
Your connection to magic feels subdued.
Your magic regains its normal vibrancy.
A pair of antennae grows on your head!
One of your lower tentacles grows a sharp spike.
You constrict the orc. You constrict the orc priest.
The orc closely misses you. The orc misses you.
The orc priest calls down the wrath of Beogh upon you.
Beogh smites you!
You die...

#...#.....#....#
#.......)..#.#
###.######.# #
#...# #.#
####.#.# #.#
##<.....# #†#
###[))....## #.#
...........# #)#
##...8#8...# #@#
##..#####..#
#ooo...# #.....#
...# #.g..#..#
#.#...# .#.#
#.##.# .#
#8#.._# .#8# #.
.. .###### # #.
### . #. . ##


You could see an orc priest, 2 orcs and a hobgoblin.

Vanquished Creatures
  A scorpion (D:2)
  Robin (D:2)
  An adder (D:2)
  A worm (D:2)
  4 dart slugs
  2 leopard geckos (D:2)
  5 orcs (D:3)
  3 giant cockroaches
  18 goblins
  5 hobgoblins
  3 jackals (D:2)
  6 kobolds
  A bat (D:1)
  4 frilled lizards
  9 rats
64 creatures vanquished.

Notes
Turn   | Place    | Note
-------+----------+-------------------------------------------
     0 | D:1      | EnegeticOcto the Octopode Hunter began the quest for the
                  | Orb.
     0 | D:1      | Reached XP level 1. HP: 14/14 MP: 1/1
    84 | D:1      | Reached XP level 2. HP: 11/19 MP: 2/2
   852 | D:1      | Reached XP level 3. HP: 25/25 MP: 3/3
   878 | D:2      | Noticed Robin
  1694 | D:2      | Killed Robin
  1781 | D:2      | Reached XP level 4. HP: 25/30 MP: 4/4
  2480 | D:2      | Reached XP level 5. HP: 35/36 MP: 5/5
  2524 | D:3      | Found a hide-covered altar of Uskayaw.
  2530 | D:3      | Became a worshipper of Uskayaw the Reveler
  2576 | D:3      | Reached * piety under Uskayaw
  2579 | D:3      | Reached ** piety under Uskayaw
  2580 | D:3      | Gained mutation: Your spells are a little easier to cast,
                  | but a little less powerful. [potion of mutation]
  2580 | D:3      | Lost mutation: Your spells are a little easier to cast, but
                  | a little less powerful. [potion of mutation]
  2580 | D:3      | Gained mutation: You have a pair of small antennae on your
                  | head. [potion of mutation]
  2580 | D:3      | Gained mutation: One of your tentacles bears a spike.
                  | [potion of mutation]
  2580 | D:3      | Killed from afar by an orc priest

Levels and vault maps discovered:
D:1:      ncdulo_watergridlock, layout_loops_ring, minmay_indecisive_spiral
D:2:      layout_rooms, uniq_robin
D:3:      layout_rooms, nicolae_overflow_quartered_altars,
          chequers_serial_rivers_small_b

Skill      XL: |  1  2  3  4 |
---------------+-------------+-----
Stealth        | 2 3 |  3.8
Fighting       | 3 |  3.1
Dodging        | 3 |  3.1
Slings         | |  4.7

Action                   |  1- 3 |  4- 6 || total
-------------------------+-------+-------++-------
Melee: Short sword       |    34 |       ||    34
       Constrict         |    16 |    16 ||    32
       Tentacles         |    12 |     5 ||    17
       Dagger            |    23 |    63 ||    86
 Fire: Hunting sling     |    17 |       ||    17
  Use: Scroll            |     4 |     1 ||     5
       Potion            |       |     2 ||     2
 Stab: Sleeping          |     4 |     6 ||    10
  Eat: Ration            |     1 |       ||     1
       Chunk             |       |     2 ||     2
Armor: Skin              |    13 |     2 ||    15
Dodge: Dodged            |    69 |    54 ||   123
